 Dungeon Crawl Stone Soup version 0.18.1-48-g4cf74bf (webtiles) character file.

186 PossumBlood the Magician (level 5, 0/28 HPs)
             Began as a Deep Elf Ice Elementalist on Aug 25, 2016.
             Hit by a goblin thrown by Robin (1 damage)
             ... on level 3 of the Dungeon.
             The game lasted 00:08:48 (3501 turns).

PossumBlood the Magician (DEIE)                     Turns: 3501, Time: 00:08:49

Health: 0/28       AC:  2    Str:  5    XL:     5   Next: 38%
Magic:  1/15       EV: 13    Int: 21    God:
Gold:   152        SH:  0    Dex: 15    Spells: 3 memorised, 9 levels left

rFire  . . .     SeeInvis .     e - +0 club
rCold  . . .     Gourm    .     a - +0 robe
rNeg   . . .     Faith    .     (no shield)
rPois  .         Spirit   .     (no helmet)
rElec  .         Dismiss  .     (no cloak)
rCorr  .         Reflect  .     (no gloves)
SustAt .         Harm     .     (no boots)
MR     .....                    (no amulet)
Stlth  ++........               (no ring)
                                (no ring)

@: lethally poisoned (0 -> -26), not resistant to hostile enchantments,
unstealthy
A: no striking features
a: no special abilities


You were on level 3 of the Dungeon.
You were not hungry.

You visited 1 branch of the dungeon, and saw 3 of its levels.

You collected 152 gold pieces.

Inventory:

Hand Weapons
 e - a +0 club (weapon)
Armour
 a - a +0 robe (worn)
Scrolls
 g - 4 scrolls of identify
 m - a scroll of remove curse
Potions
 i - a potion of brilliance
 j - a potion of mutation {unknown}
 k - a potion of might
 l - a potion of haste
 n - a potion of heal wounds {unknown}
Books
 b - a book of Frost

   Spells                             Type                      Level
   a - Freeze                         Ice                          1
   b - Throw Frost                    Conjuration/Ice              2
   c - Ozocubu's Armour               Charms/Ice                   3
   d - Throw Icicle                   Conjuration/Ice              4
   e - Summon Ice Beast               Ice/Summoning                4
Comestibles
 c - 3 bread rations
 d - a beef jerky
 f - 2 slices of pizza
 h - a royal jelly


   Skills:
 - Level 2.4 Dodging
 - Level 2.4 Stealth
 + Level 5.8 Spellcasting
 - Level 1.1 Conjurations
 + Level 5.2 Ice Magic


You had 9 spell levels left.
You knew the following spells:

 Your Spells              Type           Power        Failure   Level  Hunger
a - Freeze                Ice            ####         1%          1    None
b - Throw Frost           Conj/Ice       ###...       4%          2    None
c - Ozocubu's Armour      Chrm/Ice       ###.....     12%         3    ##.....


Dungeon Overview and Level Annotations

Branches:
Dungeon (3/15)

Altars:
Dithmenos
Fedhas
Makhleb
Pakellas
The Shining One

Annotations:
D:3 Robin


Message History

There is a stone staircase leading down here.
* * * LOW HITPOINT WARNING * * *
You feel sick. The goblin hits you with a club.
* * * LOW HITPOINT WARNING * * *
Robin throws the goblin at you! The goblin hits you but does no damage.
You miss the goblin.
* * * LOW HITPOINT WARNING * * *
You feel sick.
The goblin no longer looks unusually strong.
The goblin hits you but does no damage.
You are more poisoned.
The goblin misses you.
Robin points. "Kill!"
The goblin hits you.
* * * LOW HITPOINT WARNING * * *
The goblin hits you with a dagger of venom.
* * * LOW HITPOINT WARNING * * *
You are more poisoned.
Robin throws the goblin at you!
You die...

#.# # #.### # g# #...#
######## #.##) #...#
#......# ).. #...# #......#
###g####...# #......#
#..†().r...# #......#
#####.(g>### #......#
#...##g@## #......#
#.....g)g# ##.)....#
..........## ##.......#
#............#####...)....#
##
#.##....#.##...........####
..# #.
#.......#.......)....## ...
...#...............)...#
...
.###...................#
... .....................#


You could see Robin, 4 goblins and a rat.

Vanquished Creatures
  An orc wizard (D:3)
  A worker ant (D:2)
  Natasha (D:3)
  4 adders
  2 oozes
  A worm (D:2)
  2 dart slugs (D:1)
  6 giant geckos
  3 orcs (D:3)
  2 giant cockroaches
  9 goblins
  6 hobgoblins
  3 jackals
  A quokka (D:2)
  2 ball pythons
  4 bats
  7 giant newts
  4 kobolds
59 creatures vanquished.

Notes
Turn   | Place    | Note
--------------------------------------------------------------
     0 | D:1      | PossumBlood the Deep Elf Ice Elementalist began the quest for the Orb.
     0 | D:1      | Reached XP level 1. HP: 10/10 MP: 6/6
   158 | D:1      | Reached XP level 2. HP: 2/15 MP: 3/8
  1216 | D:2      | Reached XP level 3. HP: 19/19 MP: 3/10
  1325 | D:2      | Found an oddly glowing altar of Pakellas.
  1589 | D:2      | Found a shadowy altar of Dithmenos.
  1964 | D:2      | Learned a level 2 spell: Throw Frost
  1968 | D:2      | Learned a level 3 spell: Ozocubu's Armour
  2005 | D:2      | Found a glowing golden altar of the Shining One.
  2369 | D:2      | Reached XP level 4. HP: 24/24 MP: 3/12
  2486 | D:3      | Found a faded altar to an unknown god.
  2592 | D:3      | Reached skill level 5 in Spellcasting
  2651 | D:3      | Noticed Natasha
  2655 | D:3      | Killed Natasha
  3034 | D:3      | Found a burning altar of Makhleb.
  3034 | D:3      | Found a blossoming altar of Fedhas.
  3120 | D:3      | Reached XP level 5. HP: 27/28 MP: 3/15
  3246 | D:3      | Reached skill level 5 in Ice Magic
  3490 | D:3      | Noticed Robin
  3501 | D:3      | HP: 1/28 [goblin/dagger of venom[Robin] (2)]
  3501 | D:3      | Hit by a goblin thrown by Robin

Skill      XL: |  1  2  3  4  5 |
---------------+----------------+-----
Spellcasting   | 4 5 |  5.8
Ice Magic      | 4 5 |  5.2
Dodging        | |  2.4
Stealth        | |  2.4
Conjurations   | |  1.1

Action                   |  1- 3 |  4- 6 || total
-------------------------+-------+-------++-------
Melee: Unarmed           |     1 |       ||     1
       Club              |     2 |    15 ||    17
 Cast: Freeze            |    50 |     4 ||    54
       Throw Frost       |    11 |    53 ||    64
       Ozocubu's Armour  |     1 |       ||     1
  Use: Scroll            |     8 |       ||     8
  Eat: Bread ration      |     1 |     1 ||     2
Armor: Robe              |     7 |     4 ||    11
Dodge: Dodged            |    37 |    22 ||    59
